[Event "Early-Titled-Tuesday-Blitz-September-05-2023"]
[Site "Chess.com"]
[Date "2023.09.05"]
[Round "6"]
[White "GeorgiosSouleidis"]
[Black "EddieUrquhart"]
[Result "1/2-1/2"]
[WhiteElo "2533"]
[BlackElo "2390"]
[TimeControl "180+1"]
[EndTime "9:06:54 PDT"]
[Termination "Game drawn by repetition"]

1. e4 c5 2. Nf3 e6 3. g3 Nc6 4. Bg2 Nge7 5. O-O g6 6. d4 cxd4 7. Nxd4 a6 8. Nb3 Bg7 9. Nc3 O-O 10. Re1 d6 11. Bf4 Ne5 12. a4 b6 13. Qe2 Bb7 14.
Rad1 Qc7 15. h3 Rac8 16. g4 Rfd8 17. Bc1 N7c6 18. f4 Nd7 19. Kh1 Nc5 20. Nxc5 dxc5 21.
Qf2 Rxd1 22. Rxd1 Rd8 23. Rxd8+ Qxd8 24. e5 Qd7 25. Be3 g5 26. fxg5 Nxe5 27. Ne4 Nc4 28. Nf6+ Bxf6 29. gxf6 Nxe3 30. Qxe3 Qd1+ 31. Kh2 Qd6+ 32.
Kg1 Qd1+ 33. Bf1 Qd4 34. Kf2 Qxf6+ 35. Ke1 Qd4 36. Qg5+ Kf8 37. Bd3 Be4 38. Bxa6 Qg1+ 39.
Kd2 Qd4+ 40. Ke1 Bg6 41. c3 Qe4+ 42. Kd2 Qg2+ 43. Be2 Qxh3 44. Qd8+ Kg7 45. Qxb6 Qg3 46. Qxc5 Qf4+ 47. Qe3 Qxa4 48. Qd4+ Qxd4+ 49. cxd4 Kf6 50. b4 Ke7 51. Ke3 Kd6 52. Kf4 h6 53. Ke3 f6 54.
Bc4 Be8 55. Kf4 Bd7 56. Ke3 Be8 57. Kf4 Bd7 58. Ke3 Be8 1/2-1/2

[Event "Early-Titled-Tuesday-Blitz-September-05-2023"]
[Site "Chess.com"]
[Date "2023.09.05"]
[Round "6"]
[White "mitrabhaa"]
[Black "NovozhilovSemen"]
[Result "1-0"]
[WhiteElo "2821"]
[BlackElo "2582"]
[TimeControl "180+1"]
[EndTime "9:06:55 PDT"]
[Termination "mitrabhaa won by resignation"]

1. d4 Nf6 2. Nf3 e6 3. c4 d5 4.
Nc3 Bb4 5. Bg5 h6 6. Bxf6 Qxf6 7. e3 O-O 8. Rc1 Rd8 9. cxd5 exd5 10. Bd3 a6 11.
O-O Be6 12. Ne2 Bd6 13. Qb3 b6 14. Ng3 Nd7 15. Rc6 Nb8 16. Rc3 Nd7 17. Qc2 c5 18.
Nf5 Bf8 19. Ng3 Rac8 20. Bxa6 Ra8 21. Bb5 Rxa2 22. Bxd7 Rxd7 23. Qb3 Ra6 24. Qb5 Rda7 25. Ne5 Bc8 26. b4 Be6 27. bxc5 bxc5 28. h3 c4 29.
Rcc1 Ra5 30. Qb1 R7a6 31. f4 Bd6 32. Qb7 Qe7 33. Qb1 f6 34. Ng6 Qc7 35. Nh5 Ra3 36.
e4 Qb6 37. f5 Bf7 38. e5 fxe5 39. Qxb6 Rxb6 40. dxe5 Bc5+ 41. Kh2 Bxg6 42. fxg6 Rxg6 43. Nf4 Rg5 44. Ne6 Be3 45. Nxg5 Bxc1 46. Ne6 Bb2 47.
Re1 Ra1 48. Re2 Rb1 49. Nf4 Kf8 50. e6 Bf6 51. Nxd5 c3 52. e7+ Bxe7 53. Nxe7 c2 54. Ng6+ Kf7 55. Ne5+ Ke6 56. Nf3+ 1-0

[Event "Early-Titled-Tuesday-Blitz-September-05-2023"]
[Site "Chess.com"]
[Date "2023.09.05"]
[Round "6"]
[White "ejam94"]
[Black "lamomiajunior"]
[Result "0-1"]
[WhiteElo "2532"]
[BlackElo "2690"]
[TimeControl "180+1"]
[EndTime "9:06:55 PDT"]
[Termination "lamomiajunior won on time"]

1. e4 c6 2. e5 d6 3. exd6 exd6 4. c4 g6 5. Nf3 Bg7 6. d4 Ne7 7. g3 O-O 8. Bg2 d5 9. cxd5 Nxd5 10. O-O Bg4 11. Nc3 Na6 12. h3 Bxf3 13. Bxf3 Nac7 14. Kg2 Qd7 15. Nxd5 Nxd5 16. Qd3 Rad8 17. Bd2 Nc7 18. Bg5 Qxd4 19. Qb3 Rb8 20. Bf4 Rbc8 21. Qxb7 Ne6 22. Be3 Qxb2 23. Qxb2 Bxb2 24. Rab1 Bd4 25. Bxd4 Nxd4 26.
Rb7 a5 27. Rc1 Rfd8 28. Ra7 c5 29. Rxa5 c4 30. Rc3 Nf5 31. Bd5 Nd6 32. a4 Kg7 33.
Ra7 Rc5 34. Bf3 Rb8 35. Ra6 Rd8 36. Rb6 Kf6 37. Rc1 c3 38. Rb3 c2 39. Rb2 Rdc8 40.
Be2 Nf5 41. Bd3 Nd4 42. Rb4 Ke5 43. f4+ Kd5 44. Kf2 Rc3 45. Ke3 Nb3 46. Rxc2 Nc1 47.
Rxc3 Rxc3 48. Rd4+ Kc5 49. Rd8 Kb4 50. Kd2 Nb3+ 51. Ke3 Nc5 52. Kd2 Ra3 0-1

[Event "Early-Titled-Tuesday-Blitz-September-05-2023"]
[Site "Chess.com"]
[Date "2023.09.05"]
[Round "6"]
[White "dropstoneDP"]
[Black "chito89"]
[Result "1/2-1/2"]
[WhiteElo "2999"]
[BlackElo "2812"]
[TimeControl "180+1"]
[EndTime "9:06:56 PDT"]
[Termination "Game drawn by repetition"]

1. e4 e5 2. Nf3 Nc6 3. Nc3 Nf6 4. d4 exd4 5. Nxd4 Bb4 6. Nxc6 bxc6 7. Bd3 O-O 8. O-O Re8 9. Re1 Rb8 10. h3 a5 11. e5 Nd5 12. Nxd5 cxd5 13. c3 Bc5 14. Qh5 g6 15. Qh6 Bf8 16. Qd2 d6 17. exd6 Bxd6 18.
b3 Bd7 19. Bb2 Qh4 20. Bf1 Bc5 21. Rxe8+ Rxe8 22. Re1 Re6 23. Rxe6 Bxe6 24. c4 dxc4 25. Bxc4 Bxc4 26. bxc4 Kf8 27. a4 Ke8 28. Qe2+ Kd7 29. Kf1 Qf4 30. Qg4+ Qxg4 31. hxg4 Kc6 32. Ke2 Bb6 33. Bc3 Kd6 34. f3 Ke6 35. Kd3 f5 36. gxf5+ Kxf5 37. c5 Bxc5 38. Bxa5 c6 39. Kc4 Ba7 40.
Bb4 Kf4 41. Bc5 Bb8 42. Bf2 g5 43. a5 h5 44. a6 h4 45. Bb6 Kg3 46. Bc7+ Bxc7 47.
a7 Kxg2 48. a8=Q h3 49. Qxc6 Bf4 50. Kd3 h2 51. Qc2+ Kg1 52. Qd1+ Kg2 53. Qe2+ Kg1 54. Qe1+ Kg2 55. Qe2+ Kg1 56. Qe1+ Kg2 57. Qe2+ 1/2-1/2

[Event "Early-Titled-Tuesday-Blitz-September-05-2023"]
[Site "Chess.com"]
[Date "2023.09.05"]
[Round "6"]
[White "kingofthenil"]
[Black "Anton_Demchenko"]
[Result "0-1"]
[WhiteElo "2729"]
[BlackElo "2930"]
[TimeControl "180+1"]
[EndTime "9:06:56 PDT"]
[Termination "Anton_Demchenko won on time"]

1. e4 e5 2. Nf3 Nc6 3. Bb5 a6 4.
Bxc6 dxc6 5. O-O Qf6 6. d4 exd4 7.
Bg5 Qd6 8. Nxd4 Be7 9. Be3 Bd7 10. Nd2 Qg6 11. Qf3 Nf6 12. Rfe1 Qg4 13. e5 Qxf3 14. N2xf3 Nd5 15. Bg5 Be6 16. Nxe6 fxe6 17. Rad1 Rd8 18. c4 Nb6 19. b3 Nd7 20. h4 h6 21. Bxe7 Kxe7 22.
Rd4 Nc5 23. Red1 Rxd4 24. Rxd4 a5 25. h5 Rd8 26. Rxd8 Kxd8 27. Nd2 Nd3 28. Kf1 Nxe5 29.
Ke2 c5 30. Ne4 b6 31. f4 Nc6 32. g4 Ke7 33. g5 Nb4 34. Nc3 Nc2 35. Kf3 Nd4+ 36.
Ke4 Nf5 37. Ke5 Nd6 38. g6 c6 39. Ne4 Nf5 40. Nc3 Ng3 41. Na4 Nxh5 42. Nxb6 Nf6 43. Nc8+ Kd7 44. Nb6+ Kc7 45. Na4 h5 46. Nxc5 Nd7+ 47.
Nxd7 Kxd7 48. f5 exf5 49. Kxf5 h4 50. Kg4 h3 51. Kxh3 Ke6 52. Kg4 Kf6 53. Kh5 c5 54. a3 Kf5 0-1

[Event "Early-Titled-Tuesday-Blitz-September-05-2023"]
[Site "Chess.com"]
[Date "2023.09.05"]
[Round "6"]
[White "Barbus89"]
[Black "crazy_m_attack"]
[Result "1-0"]
[WhiteElo "2557"]
[BlackElo "2354"]
[TimeControl "180+1"]
[EndTime "9:06:56 PDT"]
[Termination "Barbus89 won by checkmate"]

1. Nf3 Nf6 2. g3 d5 3. Bg2 e6 4. O-O Be7 5. d4 O-O 6. c4 dxc4 7. Qa4 a6 8. Qxc4 b5 9. Qc2 Bb7 10. Bg5 Be4 11. Qc1 Nbd7 12. Nbd2 Bb7 13. Bxf6 Nxf6 14. Nb3 Ra7 15. Ne5 Bxg2 16. Kxg2 Qa8+ 17. Kg1 Bd6 18. Nc6 Rb7 19. Qc2 Rb6 20. Nba5 Nd5 21. a3 Rc8 22. b4 Ne7 23. Rac1 Nxc6 24.
Nxc6 Re8 25. e4 e5 26. d5 Qc8 27. Qe2 f5 28. Qd3 Rf8 29. exf5 Qxf5 30. Qxf5 Rxf5 31.
f3 Kf8 32. Kg2 Ke8 33. Rfe1 Kd7 34. Re4 Rb7 35. h4 Rb6 36. Rc2 Rb7 37. Rc3 Rb6 38. Kh3 g6 39. Kg2 Rb7 40. Rce3 Rb6 41. g4 Rf4 42. Rxf4 exf4 43. Re4 Rb7 44. h5 Rb6 45. hxg6 hxg6 46. Kf2 g5 47. Ke2 Rb7 48. Re6 Rb6 49. Rg6 a5 50. bxa5 Ra6 51. Rg8 Bxa3 52. Rd8# 1-0

[Event "Early-Titled-Tuesday-Blitz-September-05-2023"]
[Site "Chess.com"]
[Date "2023.09.05"]
[Round "6"]
[White "MathiasWomacka"]
[Black "bescmelasti"]
[Result "1/2-1/2"]
[WhiteElo "2493"]
[BlackElo "2602"]
[TimeControl "180+1"]
[EndTime "9:06:57 PDT"]
[Termination "Game drawn by repetition"]

1. e4 e6 2. d4 d5 3. Nd2 c5 4. exd5 Qxd5 5. Ngf3 cxd4 6. Bc4 Qd6 7. O-O Nf6 8. Nb3 Nc6 9. Nbxd4 Nxd4 10. Nxd4 Be7 11. c3 O-O 12. Qf3 Qc7 13. Bb3 Bd7 14. Re1 Bd6 15.
h3 a5 16. a4 Qb6 17. Bc2 Rac8 18. Rb1 Nd5 19. Nf5 exf5 20. Qxd5 Be6 21. Qf3 g6 22.
Be3 Bc5 23. Bxc5 Rxc5 24. Red1 Rfc8 25. Rd4 Rc4 26. Rxc4 Rxc4 27. b3 Rc7 28. Rd1 Qc5 29. c4 b6 30. Qf4 Rc8 31. Qd6 Qc6 32. Qxc6 Rxc6 33. f4 Kf8 34. Kf2 Ke7 35. Ke3 h6 36. h4 Rc8 37. g3 Rg8 38. Kd4 Kd6 39. Kc3+ Kc5 40. Re1 Kc6 41. b4 axb4+ 42. Kxb4 g5 43. Re5 gxh4 44. gxh4 Rg4 45. Bxf5 Bxf5 46. Rxf5 Rxh4 47.
Rf6+ Kb7 48. Rxf7+ Ka6 49. Rf6 Kb7 50. Kb5 Rh1 51.
Rf7+ Kc8 52. Kxb6 h5 53. Rh7 h4 54. Kc6 Kb8 55. f5 h3 56. f6 Rf1 57. Rxh3 Rxf6+ 58. Kb5 Rf7 59. c5 Kb7 60. Rh6 Rg7 61. a5 Rg1 62.
Rh7+ Kb8 63. Kb6 Rb1+ 64. Kc6 Ra1 65. Kb6 Rb1+ 66. Ka6 Rc1 67. Kb5 Rb1+ 68. Kc6 Ra1 69. Kb6 Rb1+ 1/2-1/2

[Event "Early-Titled-Tuesday-Blitz-September-05-2023"]
[Site "Chess.com"]
[Date "2023.09.05"]
[Round "6"]
[White "Atanejhad"]
[Black "benny_aizenberg"]
[Result "0-1"]
[WhiteElo "2405"]
[BlackElo "2654"]
[TimeControl "180+1"]
[EndTime "9:06:57 PDT"]
[Termination "benny_aizenberg won on time"]

1. d4 g5 2. Bxg5 Bg7 3. c3 c5 4. dxc5 Na6 5. Nf3 Nxc5 6. e3 Qb6 7. Qc1 d5 8. Nbd2 Bf5 9. Nb3 Nd3+ 10. Bxd3 Bxd3 11. Qd2 Bc4 12. Bf4 Nf6 13. Qd4 Qb5 14.
Be5 O-O 15. g4 Ne8 16. Bxg7 Nxg7 17. h4 a5 18. Qc5 Qa6 19. Nbd2 Qe6 20. Nd4 Qxg4 21.
N2f3 Qe4 22. Rg1 e5 23. Qe7 exd4 24. Qf6 Qg6 25. Rxg6 fxg6 26. Qxd4 Rxf3 27. O-O-O Rxf2 28. b3 Nf5 29. Qe5 Ba6 30. Qxd5+ Kh8 31. Qe5+ Ng7 32. Rd7 Rg8 33. c4 Rf5 34. Qd4 Rf1+ 35. Kb2 Rff8 36. Ka3 h6 37. h5 gxh5 38. Qd6 Nf5 39. Qe5+ Rg7 40. Rxg7 Nxg7 41. Qe7 Re8 42. Qf7 Rxe3 43. Qf8+ Kh7 44. Qd8 Bxc4 45. Qxa5 Bf7 46. Qd2 Re4 47.
Qd3 Bg6 48. Kb2 h4 49. Qh3 b5 50. a3 Re2+ 51. Kc3 Re4 52. Qd7 Bf5 53. Qe7 Rxe7 0-1

[Event "Early-Titled-Tuesday-Blitz-September-05-2023"]
[Site "Chess.com"]
[Date "2023.09.05"]
[Round "6"]
[White "santosalberto1987"]
[Black "Lennis93"]
[Result "0-1"]
[WhiteElo "2561"]
[BlackElo "2820"]
[TimeControl "180+1"]
[EndTime "9:06:59 PDT"]
[Termination "Lennis93 won by resignation"]

1. e4 c5 2. Nf3 Nc6 3. Nc3 e5 4. Bc4 d6 5. d3 Be7 6. Nd2 Nf6 7. Nf1 O-O 8. Ne3 Na5 9. Ned5 Nd7 10. O-O Nb6 11.
Nxb6 axb6 12. Nd5 Be6 13. Bd2 Nxc4 14. dxc4 Bxd5 15. cxd5 b5 16. c3 f5 17. f3 Ra4 18.
Qe2 Qb6 19. a3 b4 20. axb4 cxb4+ 21. Kh1 Rxa1 22. Rxa1 fxe4 23. Qxe4 bxc3 24. Bxc3 g6 25. Qb4 Qxb4 26. Bxb4 Rc8 27. Bc3 Rc5 28. Rd1 Kf7 29.
Kg1 Ke8 30. Kf2 Kd7 31. Ke3 Bg5+ 32. Ke2 h5 33. h3 Bd8 34. Ke3 Ba5 35. Bxa5 Rxa5 36.
Rd2 Ra4 37. g4 h4 38. Rc2 Ra5 39. Ke4 Ra4+ 40. Ke3 Rd4 41. Rd2 Rb4 42. Rc2 b5 43.
Rd2 Rb3+ 44. Ke4 Rb4+ 45. Ke3 Rc4 46. Rd3 Kc7 47. Ra3 Kb6 48. Ra8 Rd4 49. Rg8 Rxd5 50.
Rxg6 Kc5 51. Rh6 Rd1 52. Rxh4 Rb1 53. Rh8 Rxb2 54. h4 d5 55. h5 d4+ 56. Ke4 Re2+ 57.
Kd3 Re3+ 58. Kd2 Rxf3 59. g5 e4 60. g6 e3+ 61. Ke2 Rf2+ 62. Ke1 d3 63. Re8 d2+ 64. Kd1 Rf1+ 0-1

[Event "Early-Titled-Tuesday-Blitz-September-05-2023"]
[Site "Chess.com"]
[Date "2023.09.05"]
[Round "6"]
[White "nrvisakh"]
[Black "wonderfultime"]
[Result "1-0"]
[WhiteElo "2872"]
[BlackElo "2996"]
[TimeControl "180+1"]
[EndTime "9:07:02 PDT"]
[Termination "nrvisakh won by resignation"]

1. Nf3 d5 2. b3 Nf6 3. Bb2 Bf5 4.
g3 e6 5. Bg2 h6 6. O-O Be7 7.
d3 O-O 8. Nbd2 a5 9. a3 Bh7 10. c4 c6 11. Ra2 Nbd7 12. Qa1 Re8 13. Rc1 Bd6 14. Ne5 Nxe5 15. Bxe5 Bf8 16. Nf3 Nd7 17. Bc3 Nc5 18. Nd2 a4 19. b4 Nb3 20.
Nxb3 axb3 21. Rb2 dxc4 22. dxc4 Bc2 23. c5 Qg5 24. e3 Red8 25. Bf3 Be7 26. Bd1 Rxd1+ 27.
Rxd1 Qf5 28. Rd2 Be4 29. f4 Bd5 30. Rd4 Bf6 31. Rxd5 Qxd5 32. Bxf6 gxf6 33. a4 Qd3 34. Kf2 Qc3 35. Qb1 Rd8 36. Rxb3 Qd2+ 37. Kf3 Qxh2 38. Rd3 Qh5+ 39. Kf2 Ra8 40. a5 Kg7 41. Qd1 Qh2+ 42.
Kf3 e5 43. Rd8 e4+ 44. Kxe4 Qg2+ 45. Kf5 Qh3+ 46. g4 Qxe3 47. Rd6 Re8 48. Qd4 Qxd4 49. Rxd4 Re7 50. Rd6 Re3 51. Rd7 Rb3 52. Rxb7 Rd3 53. a6 Ra3 54. a7 1-0

[Event "Early-Titled-Tuesday-Blitz-September-05-2023"]
[Site "Chess.com"]
[Date "2023.09.05"]
[Round "6"]
[White "Cambek64"]
[Black "Hamisandwich"]
[Result "0-1"]
[WhiteElo "2499"]
[BlackElo "2655"]
[TimeControl "180+1"]
[EndTime "9:07:02 PDT"]
[Termination "Hamisandwich won on time"]

1. e4 a6 2. d4 c6 3. c4 d5 4.
cxd5 cxd5 5. e5 Nc6 6. Be3 Bf5 7. Nc3 e6 8. Bd3 Nge7 9. Nge2 Bxd3 10. Qxd3 Nf5 11. O-O h5 12. Ng3 g6 13. Nxf5 gxf5 14.
Rac1 Rg8 15. Kh1 Rc8 16. Na4 Qa5 17. Qb3 Qb5 18. Qxb5 axb5 19. Nc5 Bxc5 20. Rxc5 b4 21. f3 Kd7 22. Rb5 Rc7 23. Kg1 Ra8 24. Ra1 Ra5 25. Rxa5 Nxa5 26. Bd2 Rc4 27. Rc1 Rxd4 28. Be3 Rc4 29.
Rd1 Rc2 30. Rd2 Rxd2 31. Bxd2 Nc4 32. Bxb4 Nxb2 33. Bc3 Nc4 34. h4 Ke8 35. Kf2 f4 36. g3 fxg3+ 37. Kxg3 Ne3 38. Kf4 Nf5 39. Kg5 d4 40.
Bd2 d3 41. Kxh5 Ng3+ 42. Kg4 Nf1 43. Bb4 d2 44. Bxd2 Nxd2 45. h5 Nc4 46. f4 Kf8 47.
Kg5 Ne3 48. h6 Nf5 49. a4 b6 50. h7 Kg7 51. h8=Q+ Kxh8 52. Kf6 Kg8 53. a5 bxa5 0-1

[Event "Early-Titled-Tuesday-Blitz-September-05-2023"]
[Site "Chess.com"]
[Date "2023.09.05"]
[Round "6"]
[White "wqws"]
[Black "Ducke13"]
[Result "1/2-1/2"]
[WhiteElo "2628"]
[BlackElo "2424"]
[TimeControl "180+1"]
[EndTime "9:07:02 PDT"]
[Termination "Game drawn - insufficient material"]

1. e4 c5 2. Nf3 d6 3. Nc3 a6 4. d3 g6 5. g3 Bg7 6. Bg2 Nc6 7. O-O e6 8. Ne2 Nge7 9. c3 O-O 10. Be3 b5 11. Qd2 Bb7 12. Bh6 Rc8 13. Rad1 Qc7 14.
h4 Rfd8 15. h5 d5 16. hxg6 hxg6 17. Bxg7 Kxg7 18. exd5 Rxd5 19. Nf4 Rf5 20. Rfe1 Rh8 21.
Rxe6 Rxf4 22. Rxe7 Nxe7 23. Qxf4 Qxf4 24. gxf4 Bxf3 25.
Bxf3 Rh4 26. Re1 Rxf4 27. Bg2 Nf5 28. Re8 Nh4 29. Kf1 Nxg2 30. Kxg2 Ra4 31. a3 b4 32. axb4 cxb4 33. c4 Ra2 34. Re2 Ra1 35. Rc2 Rd1 36. c5 Rxd3 37. c6 Rd8 38. Kf3 Kf6 39. Ke4 Ke6 40. c7 Rc8 41. Rc6+ Kd7 42. Rxa6 Rxc7 43.
Rb6 Rc2 44. Rxb4 Rxf2 45. Ke3 Rf1 46. Rb8 g5 47. b4 g4 48. b5 f5 49. Ke2 Rf4 50. b6 g3 51. Rg8 Rf2+ 52. Ke1 Rb2 53. Rg7+ Ke6 54. Rxg3 Ke5 55. Rg6 Ke4 56. Kd1 f4 57. Kc1 Rb5 58. Kc2 Ke3 59. Kc3 f3 60. Kc4 Rb1 61. Re6+ Kd2 62. Rd6+ Ke2 63.
Re6+ Kf1 64. Kc5 f2 65. Rf6 Ke1 66. Re6+ Kd2 67. Rd6+ Kc3 68. Rf6 f1=Q 69. Rxf1 Rxf1 70. b7 Rf8 71. Kc6 Kc4 72. Kc7 Rf7+ 73. Kb6 Rf8 74. Kc7 Kc5 75. b8=Q Rf7+ 76. Kc8 Rf8+ 77. Kc7 Rf7+ 78. Kc8 Rf8+ 79. Kb7 Rxb8+ 80. Kxb8 1/2-1/2

[Event "Early-Titled-Tuesday-Blitz-September-05-2023"]
[Site "Chess.com"]
[Date "2023.09.05"]
[Round "6"]
[White "Darius321"]
[Black "hakanazeri2"]
[Result "1-0"]
[WhiteElo "2318"]
[BlackElo "2572"]
[TimeControl "180+1"]
[EndTime "9:07:03 PDT"]
[Termination "Darius321 won by resignation"]

1. e4 c5 2. Nf3 Nc6 3. Bb5 g6 4. O-O Bg7 5. Re1 Nf6 6. h3 O-O 7. c3 d6 8. d4 cxd4 9. cxd4 a6 10. Bxc6 bxc6 11. Nc3 d5 12. e5 Ne4 13. Nxe4 dxe4 14.
Rxe4 c5 15. Bg5 Bb7 16. Re1 h6 17. Bh4 cxd4 18. Qxd4 Bxf3 19. Qxd8 Rfxd8 20. gxf3 g5 21. Bg3 Rd2 22. b3 Rc8 23. Red1 Re2 24. Re1 Rd2 25. Red1 Re2 26. Re1 Rxe1+ 27. Rxe1 Rc2 28. a4 e6 29. Re3 Kh7 30. f4 Kg6 31. fxg5 hxg5 32. Kg2 Rb2 33. Kf3 Bf8 34. h4 gxh4 35. Bxh4 Kf5 36. Bg3 a5 37.
Kg2 Bg7 38. Rf3+ Kg6 39. Bf4 Re2 40. Rg3+ Kh7 41. Re3 Rxe3 42. fxe3 Kg6 43. Kf3 Bf8 44. Ke4 Bb4 45. Bg3 Kg5 46. Bf2 Kg4 47. Kd3 Kf5 48. Bg3 Kg4 49. Bf4 Kf5 50. Kc4 Ke4 51.
Kb5 Bd2 52. Ka6 Bc3 53. Kb5 Bb4 54. Kc4 Bd2 55. Kb5 Kd3 56. Ka6 Kc2 57. Kb5 Kxb3 58. Bg5 Bc3 59. Bd8 Bxe5 60. Bxa5 Kc2 61. Bb6 Kd3 62.
a5 Ke4 63. Kc6 Bb8 64. Kb7 1-0

[Event "Early-Titled-Tuesday-Blitz-September-05-2023"]
[Site "Chess.com"]
[Date "2023.09.05"]
[Round "6"]
[White "DrDreBeats"]
[Black "Casablanca"]
[Result "1-0"]
[WhiteElo "2559"]
[BlackElo "2692"]
[TimeControl "180+1"]
[EndTime "9:07:04 PDT"]
[Termination "DrDreBeats won on time"]

1. e4 c5 2. Nf3 d6 3. d4 cxd4 4. Nxd4 Nf6 5. Nc3 Nc6 6. h3 g6 7.
Nde2 Bg7 8. g3 O-O 9. Bg2 Bd7 10. O-O Rc8 11. Be3 a6 12. Rc1 Ne5 13. b3 Qa5 14.
Nd5 Nxd5 15. exd5 Be8 16. c4 b5 17. f4 Nd7 18. Qd2 Qxd2 19. Bxd2 bxc4 20. bxc4 Nc5 21.
Bc3 Nd3 22. Rcd1 Bxc3 23. Rxd3 Bb4 24. Rc1 Bd7 25. Kh2 Bc5 26. Rb3 Rb8 27. Rcb1 Rxb3 28. Rxb3 Bf5 29. Nc3 Rc8 30. Na4 h5 31. Rb7 Kf8 32.
Bf1 Bc2 33. Nb6 Bxb6 34. Rxb6 a5 35. a3 Rc5 36. Kg2 Kg7 37. Kf3 Kf6 38. Ke3 g5 39.
fxg5+ Kxg5 40. Rb7 Kf6 41. Kd4 Bf5 42. Rb5 Rc7 43. Rxa5 e5+ 44. dxe6 fxe6 45. Be2 Bxh3 46. Rxh5 e5+ 47. Kd5 Bg2+ 48. Kxd6 Ra7 49. c5 Rxa3 50.
Rxe5 Rxg3 51. Re6+ Kf7 52. Bc4 Kf8 53. Rf6+ Kg7 54. Rf7+ Kg6 55. Rf2 Rg5 56. Rd2 Be4 57. Bd5 Bf5 58. c6 Rg3 59. Be6 Be4 60. c7 Bb7 61. Bd5 Bc8 62. Rg2 Rxg2 63. Bxg2 Kf6 64. Bc6 Kf7 65. Bd7 Bb7 66. Kc5 Ke7 67. Kb6 1-0

[Event "Early-Titled-Tuesday-Blitz-September-05-2023"]
[Site "Chess.com"]
[Date "2023.09.05"]
[Round "6"]
[White "Lady_Nika"]
[Black "gm_rashid"]
[Result "0-1"]
[WhiteElo "2463"]
[BlackElo "2397"]
[TimeControl "180+1"]
[EndTime "9:07:07 PDT"]
[Termination "gm_rashid won on time"]

1. e4 e6 2. d4 d5 3. Nc3 Nf6 4. Bg5 Be7 5. e5 Nfd7 6. h4 Bxg5 7. hxg5 Qxg5 8. Nb5 Qd8 9. Qg4 g6 10. Nf3 a6 11. Nc3 Nc6 12. Rh6 Nf8 13. Ng5 Qe7 14. O-O-O Bd7 15. Qf4 Na7 16. g3 Nb5 17. Na4 b6 18. Bg2 Na3 19. Nc3 Nc4 20. a3 Bc6 21.
Rdh1 b5 22. Nxh7 O-O-O 23. Ng5 Rxh6 24. Rxh6 b4 25. axb4 Qxb4 26. Nd1 Be8 27. Nxf7 Bxf7 28. c3 Qe7 29. b3 Qa3+ 30. Kc2 Qa2+ 31. Kd3 Qxb3 32.
Ne3 Nxe3 33. Kxe3 Qxc3+ 34. Ke2 Qc2+ 35. Ke1 Qf5 36. Qc1 Be8 37. Rh8 Bb5 38. Qc5 Qb1+ 39.
Kd2 Qb2+ 40. Ke3 Qb3+ 41. Kf4 Qc4 42. Rxf8 Qxc5 43. Rxd8+ Kxd8 44. dxc5 Kd7 45. Ke3 Kc6 46. Kd4 a5 47. Bf3 a4 48. Bd1 a3 49. Kc3 Kxc5 50.
Kb3 Kd4 51. f4 c5 52. Kxa3 c4 53. Bc2 Be8 54. Kb4 Ke3 55. Kc5 Kd2 56. Bb1 c3 57. Kd6 d4 0-1

[Event "Early-Titled-Tuesday-Blitz-September-05-2023"]
[Site "Chess.com"]
[Date "2023.09.05"]
[Round "6"]
[White "MikeSailer"]
[Black "emeli_chess"]
[Result "0-1"]
[WhiteElo "2173"]
[BlackElo "2371"]
[TimeControl "180+1"]
[EndTime "9:07:07 PDT"]
[Termination "emeli_chess won on time"]

1. d4 Nf6 2. Nc3 d5 3. Bf4 c5 4. e4 cxd4 5. Qxd4 Nc6 6. Bb5 Bd7 7. Bxc6 Bxc6 8. e5 Ne4 9. e6 fxe6 10. Nxe4 dxe4 11.
O-O-O Qxd4 12. Rxd4 g6 13. Be5 Bh6+ 14. Kb1 Rf8 15. Nh3 Rd8 16. Rhd1 Rxd4 17. Rxd4 Rf5 18. Bb8 e3 19. f3 e2 20. Bg3 Rd5 21. Rxd5 exd5 22.
Be1 Be3 23. c3 d4 24. Kc2 e5 25. Kd3 Bc1 26. Kxe2 Bxb2 27. cxd4 exd4 28. Kd3 Bb5+ 29. Ke4 Bf1 30. Nf4 Kd7 31. g3 Kc6 32. Ne6 d3 33. Nf4 Kc5 34. Nxd3+ Bxd3+ 35. Kxd3 Kd5 36. Bf2 a6 37.
Bb6 Be5 38. f4 Bd6 39. Be3 b5 40. g4 h5 41. h3 b4 42. f5 gxf5 43. gxh5 Be5 44.
Bd2 a5 45. h6 Kc5 46. h7 a4 47. Be3+ Kd5 48. Bd2 b3 49. axb3 axb3 50. Bc3 b2 51. Bxe5 b1=Q+ 52. Ke2 Qe4+ 0-1

[Event "Early-Titled-Tuesday-Blitz-September-05-2023"]
[Site "Chess.com"]
[Date "2023.09.05"]
[Round "6"]
[White "GaiozNigalidze"]
[Black "03revilo"]
[Result "1-0"]
[WhiteElo "2760"]
[BlackElo "2448"]
[TimeControl "180+1"]
[EndTime "9:07:09 PDT"]
[Termination "GaiozNigalidze won on time"]

1. d4 Nf6 2. c4 c5 3. dxc5 e6 4. Nc3 Bxc5 5. Nf3 O-O 6. e3 d5 7.
cxd5 exd5 8. Be2 Nc6 9. O-O a6 10. a3 d4 11. exd4 Nxd4 12. Nxd4 Qxd4 13. Bg5 h6 14.
Bxf6 Qxf6 15. Ne4 Qe7 16. Nxc5 Qxc5 17. Bf3 a5 18. Rc1 Qe5 19. Qd2 Be6 20. Rfe1 Qb5 21. b4 axb4 22. axb4 Ra2 23. Qd4 Ra4 24. Re4 Rfa8 25.
h3 Qd5 26. Qe3 Ra1 27. Rxa1 Rxa1+ 28. Kh2 Qd6+ 29. Qf4 Qxf4+ 30. Rxf4 b6 31. Bc6 Rb1 32. Rd4 Kf8 33. Kg3 Ke7 34. f4 Rb3+ 35. Kf2 g5 36. fxg5 hxg5 37. Ke2 Kf6 38. Kd2 Ke5 39. Re4+ Kd6 40.
b5 Rb2+ 41. Kc3 Rb3+ 42. Kd2 Rg3 43. Rd4+ Kc5 44. Rd8 Bc4 45. Rc8 Bxb5 46. Bb7+ Kb4 47.
Ke1 Bc4 48. Kf2 Rc3 49. Rg8 b5 50. Rxg5 Be6 51. h4 Rc2+ 52. Kg3 Rc3+ 53. Kh2 Rc4 54. h5 Ka4 55. Kg3 Rc3+ 56. Bf3 b4 57. h6 b3 58. h7 Rc8 59. Rg8 b2 60. Rxc8 Bxc8 61. Be4 f5 62.
Bc2+ 1-0

[Event "Early-Titled-Tuesday-Blitz-September-05-2023"]
[Site "Chess.com"]
[Date "2023.09.05"]
[Round "6"]
[White "vladgoncharov"]
[Black "RobertoJBM"]
[Result "1-0"]
[WhiteElo "2565"]
[BlackElo "2800"]
[TimeControl "180+1"]
[EndTime "9:07:10 PDT"]
[Termination "vladgoncharov won on time"]

1. d4 d5 2. c4 c6 3. Nf3 Nf6 4. e3 Bf5 5. cxd5 cxd5 6. Nc3 a6 7.
Ne5 h6 8. g4 Bc8 9. h3 e6 10. Bg2 b5 11. O-O Bb7 12. f4 b4 13.
Na4 Nbd7 14. Bd2 Bd6 15. Rc1 Rc8 16. Qe2 Rxc1 17. Rxc1 O-O 18. Nc5 Nxc5 19. dxc5 Bc7 20. Bxb4 Re8 21. Bc3 Qa8 22. Bd4 Re7 23. b4 Ne8 24. c6 Bc8 25. e4 Bd6 26. a3 Nf6 27. exd5 exd5 28. Qc2 Qb8 29. Bc5 Ne4 30. Bxe4 dxe4 31.
Bxd6 Qxd6 32. Rd1 Qc7 33. Qc5 Re8 34. Qd6 Qb6+ 35. Qd4 Qc7 36. a4 f6 37. Ng6 Kh7 38.
Nh4 Qxf4 39. Ng2 Qf3 40. Kh2 e3 41. Re1 e2 42. b5 axb5 43. axb5 f5 44. Qf4 Qc3 45.
gxf5 Rf8 46. Qe3 Qf6 47. Rxe2 Bxf5 48. Qe5 Qg6 49. Rf2 Rf6 50. Qg3 Qf7 51. Nh4 Be4 52.
Rxf6 Qxf6 53. c7 Qb2+ 54. Ng2 Bf5 55. Qf3 Bc8 56. Qd5 Qf6 57. Qc5 Qe6 58. Nf4 Qe4 59.
Kg3 Bb7 60. Qc3 1-0

[Event "Early-Titled-Tuesday-Blitz-September-05-2023"]
[Site "Chess.com"]
[Date "2023.09.05"]
[Round "6"]
[White "qx4z"]
[Black "AndreiITrifan"]
[Result "1/2-1/2"]
[WhiteElo "2822"]
[BlackElo "2631"]
[TimeControl "180+1"]
[EndTime "9:07:11 PDT"]
[Termination "Game drawn - insufficient material"]

1. d4 Nf6 2. Bf4 b6 3. Nc3 Bb7 4. f3 d5 5. e4 dxe4 6. fxe4 e6 7. e5 Nd5 8. Nxd5 Qxd5 9. Ne2 Nd7 10. a3 Qe4 11. Qd2 O-O-O 12. O-O-O c5 13. dxc5 Bxc5 14.
Nc3 Qg6 15. Bd3 Qxg2 16. Ne2 Qh3 17. b4 Nxe5 18. bxc5 Nxd3+ 19. cxd3 Bxh1 20. cxb6 Qf3 21. Qc3+ Qc6 22. Rxh1 Qxc3+ 23. Nxc3 axb6 24. Kc2 Kb7 25. Rb1 Rd7 26. Be3 Rd6 27. Na4 Rc8+ 28. Kd2 Rcc6 29. Bc5 Rd5 30. Bxb6 Ka6 31. Be3 Rb5 32. Rg1 Ka5 33. Nc5 Rbxc5 34. Bxc5 Rxc5 35. Rxg7 Rh5 36. Rxf7 Rxh2+ 37. Kc3 Ra2 38. Ra7+ Kb6 39. Ra8 Kb7 40. Ra4 Rg2 41. Rh4 Rg7 42. a4 Kc6 43. Kc4 Rc7 44.
Rh6 Kd6+ 45. Kb5 Kd5 46. a5 Rb7+ 47. Ka6 Rb1 48. Ka7 e5 49. a6 Kd4 50. Rd6+ Ke3 51. Re6 Kd4 52. Ka8 h5 53. Rh6 Kxd3 54. Rxh5 e4 55.
Rd5+ Ke2 56. Rd7 e3 57. a7 Kf2 58. Rb7 Ra1 59. Kb8 e2 60. Rf7+ Kg1 61. Rg7+ Kf2 62.
Rf7+ Kg1 63. Re7 Kf2 64. a8=Q Rxa8+ 65. Kxa8 e1=Q 66. Rxe1 Kxe1 1/2-1/2